| TOP OF THE 1ST |
|
Philadelphia Phillies batting - Pitching for Boston Red Sox : RHP J.J. Dean
|
|
Pitching: RHP J.J. Dean
|
|
|
Batting: SHB Lance Franklin
|
0-0: Called Strike 0-1: Foul Ball, location: 2F 0-2: Ball 1-2: Ball 2-2: SINGLE (Flyball, 89S, EV 95.0 MPH)
|
|
Batting: LHB Cody Schumacher
|
0-0: Called Strike 0-1: Foul Ball, location: 2F 0-2: Foul Ball, location: 2F 0-2: Grounds into double play, 1-6-3 (Groundball, P, EV 65.0 MPH)
|
|
Batting: LHB Osamu Kubo
|
0-0: Swinging Strike 0-1: Ball 1-1: Swinging Strike 1-2: Strikes out swinging
|
| Top of the 1st over - 0 runs, 1 hit, 0 errors, 0 left on base; Philadelphia 0 - Boston 0 |
| BOTTOM OF THE 1ST |
|
Boston Red Sox batting - Pitching for Philadelphia Phillies : RHP Scott Bernstein
|
|
Pitching: RHP Scott Bernstein
|
|
|
Batting: LHB Shoichi Aso
|
0-0: Ground out U3 (Groundball, 3, EV 92.5 MPH)
|
|
Batting: RHB Nick Esteves
|
0-0: Called Strike 0-1: Ball 1-1: Ball 2-1: Ball 3-1: Called Strike 3-2: Foul Ball, location: 2F 3-2: Fly out, F7 (Line Drive, 7LM, EV 100.6 MPH)
|
|
Batting: LHB Kevin McCormic Jr.
|
0-0: Ball 1-0: SOLO HOME RUN (Flyball, 9LD, EV 90.0 MPH), Distance : 343 ft
|
|
Batting: RHB David Price Jr.
|
0-0: Ball 1-0: Ball 2-0: Called Strike 2-1: DOUBLE (Line Drive, 8RXD, EV 101.9 MPH)
|
|
Batting: LHB Jarrett Mordecai
|
0-0: Ground out 4-3 (Groundball, 4, EV 81.9 MPH)
|
| Bottom of the 1st over - 1 run, 2 hits, 0 errors, 1 left on base; Philadelphia 0 - Boston 1 |
| TOP OF THE 2ND |
|
Philadelphia Phillies batting - Pitching for Boston Red Sox : RHP J.J. Dean
|
|
Batting: RHB Josh Hensley
|
0-0: Called Strike 0-1: Ball 1-1: Foul Ball, location: 2F 1-2: Ball 2-2: Fly out, F7 (Flyball, 78D, EV 109.4 MPH)
|
|
Batting: LHB Ryan Trombley
|
0-0: Ball 1-0: Foul Ball, location: 2F 1-1: Ball 2-1: Ball 3-1: SINGLE (Groundball, 4MD, EV 93.8 MPH)
|
|
Batting: SHB Phuck II
|
0-0: Ball 1-0: Foul Ball, location: 2F 1-1: Ball 2-1: Ball 3-1: Swinging Strike 3-2: Strikes out looking
|
|
Batting: LHB Brad Turner
|
0-0: Ball 1-0: Ball 2-0: Swinging Strike 2-1: Foul Ball, location: 2F 2-2: Strikes out swinging
|
| Top of the 2nd over - 0 runs, 1 hit, 0 errors, 1 left on base; Philadelphia 0 - Boston 1 |
| BOTTOM OF THE 2ND |
|
Boston Red Sox batting - Pitching for Philadelphia Phillies : RHP Scott Bernstein
|
|
Batting: RHB Josh Froyd
|
0-0: Called Strike 0-1: Ball 1-1: Foul Ball, location: 2F 1-2: Fly out, F5 (Line Drive, 5, EV 72.5 MPH)
|
|
Batting: LHB Zack Guillen
|
0-0: Ball 1-0: Ground out U3 (Groundball, 3, EV 101.2 MPH)
|
|
Batting: SHB Greg Shaw
|
0-0: SINGLE (Groundball, 6MD, EV 95.0 MPH)
|
|
Batting: LHB Tim Fuller
|
0-0: Foul Ball, location: 2F 0-1: Foul Ball, location: 2F 0-2: Strikes out swinging
|
| Bottom of the 2nd over - 0 runs, 1 hit, 0 errors, 1 left on base; Philadelphia 0 - Boston 1 |
| TOP OF THE 3RD |
|
Philadelphia Phillies batting - Pitching for Boston Red Sox : RHP J.J. Dean
|
|
Batting: LHB Mike Davis
|
0-0: Called Strike 0-1: Ball 1-1: Foul Ball, location: 2F 1-2: Foul Ball, location: 2F 1-2: Ball 2-2: Ground out 4-3 (Groundball, 4, EV 109.4 MPH)
|
|
Batting: LHB Jim Beaver
|
0-0: Called Strike 0-1: Called Strike 0-2: Ball 1-2: Ball 2-2: Strikes out looking
|
|
Batting: SHB Lance Franklin
|
0-0: Foul Ball, location: 2F 0-1: Foul Ball, location: 2F 0-2: Fly out, F5 (Line Drive, 5, EV 76.9 MPH)
|
| Top of the 3rd over - 0 runs, 0 hits, 0 errors, 0 left on base; Philadelphia 0 - Boston 1 |
| BOTTOM OF THE 3RD |
|
Boston Red Sox batting - Pitching for Philadelphia Phillies : RHP Scott Bernstein
|
|
Batting: LHB Shoichi Aso
|
0-0: Ball 1-0: Swinging Strike 1-1: Foul Ball, location: 2F 1-2: Ball 2-2: DOUBLE (Flyball, 89D, EV 102.5 MPH)
|
|
Batting: RHB Nick Esteves
|
0-0: Called Strike 0-1: Foul Ball, location: 2F 0-2: SINGLE (Line Drive, 56D, EV 102.5 MPH) Shoichi Aso to third Runner from 3rd tries for Home, SAFE, throw by LF to home
|
|
Batting: LHB Kevin McCormic Jr.
|
0-0: Called Strike Nick Esteves is caught stealing 2nd base 2-6 0-1: Ball 1-1: Ball 2-1: Called Strike 2-2: Foul Ball, location: 2F 2-2: Ball 3-2: DOUBLE (Line Drive, 78D, EV 106.2 MPH)
|
|
Batting: RHB David Price Jr.
|
0-0: Fly out, F8 (Flyball, 78M, EV 92.5 MPH)
|
|
Batting: LHB Jarrett Mordecai
|
0-0: Fly out, F7 (Flyball, 78D, EV 103.8 MPH)
|
| Bottom of the 3rd over - 1 run, 3 hits, 0 errors, 1 left on base; Philadelphia 0 - Boston 2 |
| TOP OF THE 4TH |
|
Philadelphia Phillies batting - Pitching for Boston Red Sox : RHP J.J. Dean
|
|
Batting: LHB Cody Schumacher
|
0-0: Ball 1-0: Ball 2-0: Called Strike 2-1: Swinging Strike 2-2: Strikes out swinging
|
|
Batting: LHB Osamu Kubo
|
0-0: Ball 1-0: Ball 2-0: Called Strike 2-1: Foul Ball, location: 2F 2-2: Foul Ball, location: 2F 2-2: Ball 3-2: SOLO HOME RUN (Flyball, 7D, EV 99.4 MPH), Distance : 397 ft
|
|
Batting: RHB Josh Hensley
|
0-0: Called Strike 0-1: Ground out 4-3 (Groundball, 34, EV 88.8 MPH)
|
|
Batting: LHB Ryan Trombley
|
0-0: Ball 1-0: Called Strike 1-1: Swinging Strike 1-2: Strikes out swinging
|
| Top of the 4th over - 1 run, 1 hit, 0 errors, 0 left on base; Philadelphia 1 - Boston 2 |
| BOTTOM OF THE 4TH |
|
Boston Red Sox batting - Pitching for Philadelphia Phillies : RHP Scott Bernstein
|
|
Batting: RHB Josh Froyd
|
0-0: Ball 1-0: Foul Ball, location: 2F 1-1: DOUBLE (Flyball, 78XD, EV 98.1 MPH)
|
|
Batting: LHB Zack Guillen
|
0-0: Ball 1-0: Swinging Strike 1-1: Ball 2-1: Swinging Strike 2-2: Strikes out swinging
|
|
Batting: SHB Greg Shaw
|
0-0: Called Strike 0-1: Called Strike 0-2: Strikes out looking
|
|
Batting: LHB Tim Fuller
|
0-0: Ball 1-0: DOUBLE (Line Drive, 9LS, EV 103.8 MPH) Josh Froyd scores
|
|
Batting: LHB Shoichi Aso
|
0-0: Ball 1-0: Ball 2-0: Called Strike 2-1: Ball 3-1: Base on Balls
|
|
Batting: RHB Nick Esteves
|
0-0: Called Strike 0-1: SINGLE (Line Drive, 9S, EV 105.0 MPH) Tim Fuller to third Shoichi Aso to second Runner from 3rd tries for Home, SAFE, throw by RF to home
|
|
Batting: LHB Kevin McCormic Jr.
|
0-0: Foul Ball, location: 2F 0-1: Foul Ball, location: 2F 0-2: Ball 1-2: Foul Ball, location: 2F 1-2: Fly out, F8 (Line Drive, 78S, EV 93.1 MPH)
|
| Bottom of the 4th over - 2 runs, 3 hits, 0 errors, 2 left on base; Philadelphia 1 - Boston 4 |
| TOP OF THE 5TH |
|
Philadelphia Phillies batting - Pitching for Boston Red Sox : RHP J.J. Dean
|
|
Batting: SHB Phuck II
|
0-0: Ball 1-0: Ball 2-0: Called Strike 2-1: Ball 3-1: Foul Ball, location: 2F 3-2: Strikes out looking
|
|
Batting: LHB Brad Turner
|
0-0: Ball 1-0: Ground out 5-3 (Groundball, 5, EV 91.2 MPH)
|
|
Batting: LHB Mike Davis
|
0-0: Ball 1-0: SINGLE (Line Drive, 89S, EV 96.9 MPH)
|
|
Batting: LHB Jim Beaver
|
0-0: Ball 1-0: SINGLE (Groundball, 4MD, EV 103.1 MPH) Mike Davis to second Runner from 2nd tries for 3rd, SAFE, throw by CF made to third
|
|
Batting: SHB Lance Franklin
|
0-0: Ground out 4-3 (Groundball, 4, EV 104.4 MPH)
|
| Top of the 5th over - 0 runs, 2 hits, 0 errors, 2 left on base; Philadelphia 1 - Boston 4 |
| BOTTOM OF THE 5TH |
|
Boston Red Sox batting - Pitching for Philadelphia Phillies : RHP Scott Bernstein
|
|
Batting: RHB David Price Jr.
|
0-0: Ground out 5-3 (Groundball, 56, EV 103.8 MPH)
|
|
Batting: LHB Jarrett Mordecai
|
0-0: Ball 1-0: Fly out, F4 (Line Drive, 3D, EV 66.2 MPH)
|
|
Batting: RHB Josh Froyd
|
0-0: Ball 1-0: Called Strike 1-1: Ball 2-1: Foul Ball, location: 2F 2-2: Foul Ball, location: 2F 2-2: Foul Ball, location: 2F 2-2: SINGLE (Line Drive, 34D, EV 93.8 MPH)
|
|
Batting: LHB Zack Guillen
|
0-0: Ball 1-0: Ball 2-0: SINGLE (Line Drive, 8LS, EV 96.9 MPH) Josh Froyd to second Runner from 2nd tries for 3rd, SAFE, throw by CF made to third
|
|
Batting: SHB Greg Shaw
|
0-0: Called Strike 0-1: Ball 1-1: Ball 2-1: Ball 3-1: Called Strike 3-2: Strikes out looking
|
| Bottom of the 5th over - 0 runs, 2 hits, 0 errors, 2 left on base; Philadelphia 1 - Boston 4 |
| TOP OF THE 6TH |
|
Philadelphia Phillies batting - Pitching for Boston Red Sox : RHP J.J. Dean
|
|
Batting: LHB Cody Schumacher
|
0-0: Called Strike 0-1: Called Strike 0-2: Strikes out swinging
|
|
Batting: LHB Osamu Kubo
|
0-0: SINGLE (Flyball, 8LS, EV 88.1 MPH)
|
|
Batting: RHB Josh Hensley
|
0-0: Ball 1-0: Fly out, F8 (Flyball, 8RM, EV 76.2 MPH)
|
|
Batting: LHB Ryan Trombley
|
0-0: Called Strike 0-1: Swinging Strike 0-2: Foul Ball, location: 2F 0-2: Strikes out looking
|
| Top of the 6th over - 0 runs, 1 hit, 0 errors, 1 left on base; Philadelphia 1 - Boston 4 |
| BOTTOM OF THE 6TH |
|
Boston Red Sox batting - Pitching for Philadelphia Phillies : RHP Scott Bernstein
|
|
Batting: LHB Tim Fuller
|
0-0: Called Strike 0-1: Swinging Strike 0-2: Strikes out swinging
|
|
Batting: LHB Shoichi Aso
|
0-0: Ball 1-0: Foul Ball, location: 2F 1-1: Called Strike 1-2: Reached on error, E2 (Groundball, 2L, EV 68.8 MPH)
|
|
Batting: RHB Nick Esteves
|
0-0: Swinging Strike 0-1: Hit by Pitch
|
|
Batting: LHB Kevin McCormic Jr.
|
0-0: Called Strike 0-1: Fielders Choice at 2nd, 3-6 (Groundball, 34S, EV 76.2 MPH) Shoichi Aso to third
|
|
Batting: RHB David Price Jr.
|
0-0: Ball 1-0: Foul Ball, location: 2F 1-1: Foul Ball, location: 2F 1-2: Ball 2-2: TRIPLE (Flyball, 89XD, EV 110.0 MPH) Shoichi Aso scores Kevin McCormic Jr. scores
|
|
Pitching: RHP David LaBounty
|
|
|
Batting: LHB Jarrett Mordecai
|
0-0: Ball 1-0: Ball 2-0: Fly out, F3 (Line Drive, 3, EV 71.2 MPH)
|
| Bottom of the 6th over - 2 runs, 1 hit, 1 error, 1 left on base; Philadelphia 1 - Boston 6 |
| TOP OF THE 7TH |
|
Philadelphia Phillies batting - Pitching for Boston Red Sox : RHP J.J. Dean
|
|
Batting: SHB Phuck II
|
0-0: Fly out, F9 (Line Drive, 9LM, EV 105.0 MPH)
|
|
Batting: LHB Brad Turner
|
0-0: Foul Ball, location: 2F 0-1: Ball 1-1: Foul Ball, location: 2F 1-2: Fly out, F8 (Flyball, 8RXD, EV 102.5 MPH)
|
|
Batting: LHB Mike Davis
|
0-0: Called Strike 0-1: Ball 1-1: SINGLE (Groundball, 3S, EV 63.8 MPH) (infield hit)
|
|
Pitching: RHP Frank Picaso
|
|
|
Batting: LHB Jim Beaver
|
0-0: Ball 1-0: Swinging Strike 1-1: Ball 2-1: Foul Ball, location: 2F 2-2: Ball 3-2: Strikes out swinging
|
| Top of the 7th over - 0 runs, 1 hit, 0 errors, 1 left on base; Philadelphia 1 - Boston 6 |
| BOTTOM OF THE 7TH |
|
Boston Red Sox batting - Pitching for Philadelphia Phillies : RHP David LaBounty
|
|
Batting: RHB Josh Froyd
|
0-0: Ball 1-0: Ball 2-0: Called Strike 2-1: Called Strike 2-2: Fly out, F6 (Line Drive, 6MD, EV 71.2 MPH)
|
|
Batting: LHB Zack Guillen
|
0-0: Fly out, F9 (Flyball, 9, EV 78.1 MPH)
|
|
Batting: SHB Greg Shaw
|
0-0: Foul Ball, location: 2F 0-1: Ball 1-1: Swinging Strike 1-2: Strikes out swinging
|
| Bottom of the 7th over - 0 runs, 0 hits, 0 errors, 0 left on base; Philadelphia 1 - Boston 6 |
| TOP OF THE 8TH |
|
Philadelphia Phillies batting - Pitching for Boston Red Sox : RHP Frank Picaso
|
|
Now at 1B: Kevin McCormic Jr.
|
|
|
Now in LF: Jose Diaz
|
|
|
Batting: SHB Lance Franklin
|
0-0: Called Strike 0-1: Ball 1-1: Foul Ball, location: 2F 1-2: Ball 2-2: Ground out 4-3 (Groundball, 4, EV 75.6 MPH)
|
|
Batting: LHB Cody Schumacher
|
0-0: Ball 1-0: Called Strike 1-1: Ball 2-1: Foul Ball, location: 2F 2-2: SINGLE (Groundball, 4D, EV 95.0 MPH)
|
|
Batting: LHB Osamu Kubo
|
0-0: Ball 1-0: Ball 2-0: Called Strike 2-1: Called Strike 2-2: Strikes out looking
|
|
Batting: RHB Josh Hensley
|
0-0: 2-RUN HOME RUN (Flyball, 78XD, EV 106.9 MPH), Distance : 445 ft
|
|
Batting: LHB Ryan Trombley
|
0-0: Ball 1-0: Ball 2-0: Called Strike 2-1: Called Strike 2-2: Strikes out swinging
|
| Top of the 8th over - 2 runs, 2 hits, 0 errors, 0 left on base; Philadelphia 3 - Boston 6 |
| BOTTOM OF THE 8TH |
|
Boston Red Sox batting - Pitching for Philadelphia Phillies : RHP David LaBounty
|
|
Pitching: RHP Josh Cornishen
|
|
|
Batting: LHB Tim Fuller
|
0-0: Foul Ball, location: 2F 0-1: Foul Ball, location: 2F 0-2: Ball 1-2: Ball 2-2: Ball 3-2: Strikes out swinging
|
|
Batting: LHB Shoichi Aso
|
0-0: Ball 1-0: Hit by Pitch
|
|
Batting: RHB Nick Esteves
|
0-0: Ball 1-0: Foul Ball, location: 2F 1-1: Fly out, F7 (Flyball, 7, EV 83.8 MPH)
|
|
Batting: LHB Kevin McCormic Jr.
|
0-0: Called Strike 0-1: Foul Ball, location: 2F 0-2: Strikes out swinging
|
| Bottom of the 8th over - 0 runs, 0 hits, 0 errors, 1 left on base; Philadelphia 3 - Boston 6 |
| TOP OF THE 9TH |
|
Philadelphia Phillies batting - Pitching for Boston Red Sox : RHP Frank Picaso
|
|
Pitching: RHP Guadalupe Vasguez
|
|
|
Batting: SHB Phuck II
|
0-0: Foul Ball, location: 2F 0-1: Ball 1-1: Swinging Strike 1-2: Ball 2-2: Strikes out swinging
|
|
Batting: LHB Brad Turner
|
0-0: Called Strike 0-1: Ball 1-1: Ball 2-1: Ball 3-1: Base on Balls
|
|
Batting: LHB Mike Davis
|
0-0: Foul Ball, location: 2F 0-1: Ball 1-1: Ball 2-1: Grounds into double play, 5-4-3 (Groundball, 56, EV 105.0 MPH)
|
| Top of the 9th over - 0 runs, 0 hits, 0 errors, 0 left on base; Philadelphia 3 - Boston 6 |
|